 Dungeon Crawl Stone Soup version 0.20-a0-277-g7db01f4 (webtiles) character file.

16579 Duffy the Geomancer (level 12, -1/177 HPs)
             Began as a Deep Dwarf Earth Elementalist on Dec 12, 2016.
             Was a High Priest of Makhleb.
             Slain by a yak (7 damage)
             ... led by a torpor snail
             ... on level 4 of the Lair of Beasts.
             The game lasted 00:41:47 (19042 turns).

Duffy the Geomancer (DDEE)                         Turns: 19042, Time: 00:41:48

Health: -1/177     AC: 26    Str: 18    XL:     12   Next: 11%
Magic:  20/20      EV:  2    Int: 19    God:    Makhleb [*****.]
Gold:   742        SH:  0    Dex: 19    Spells: 5/23 levels left

rFire  . . .     SeeInvis +     Q - +2 whip (venom)
rCold  . . .     Gourm    .     (armour currently unavailable)
rNeg   + + +     Faith    .     (no shield)
rPois  +         Spirit   .     (helmet currently unavailable)
rElec  .         Reflect  .     (cloak currently unavailable)
rCorr  .         Harm     .     (gloves currently unavailable)
MR     +....     Clarity  +     (boots currently unavailable)
Stlth  +++....... NoTele   +    (no amulet)
                                n - +4 ring of slaying
                                m - ring of see invisible

@: mighty, agile, exhausted, tree-form, very slightly contaminated,
non-regenerating, hasted, repel missiles, very quick
A: damage resistance, recharge devices, blurry vision 1, clarity, sense
surroundings 2, (poison resistance), slow regeneration 3
a: Device Recharging, Minor Destruction, Lesser Servant of Makhleb, Major
Destruction, Greater Servant of Makhleb, Renounce Religion


You were on level 4 of the Lair of Beasts.
You worshipped Makhleb.
Makhleb was extremely pleased with you.
You were not hungry.
You were a tree.
You visited 3 branches of the dungeon, and saw 15 of its levels.
You also visited: Bailey.

You collected 742 gold pieces.

Inventory:

Hand Weapons
 a - a +0 flail of protection
 e - a +1 scimitar of flaming
 h - the +1 mace "Razoosats" {speed, rElec Int+4}
   (You found it on level 6 of the Dungeon)

   Attacks with this weapon are significantly faster.
   It affects your intelligence (+4).
   It insulates you from electricity.
 J - a +4 dire flail
 L - a +3 trident of freezing
 Q - a +2 whip of venom (weapon)
Missiles
 b - 221 stones (quivered)
 R - 3 throwing nets {!f}
Armour
 c - a +0 shield
 g - a +0 ring mail (melded)
 j - a +0 cloak (melded)
 r - a +0 pair of boots (melded)
 A - a +0 leather armour
 N - the +0 helmet of the Hall of Blades (melded) {Int+6}
   (You found it in a bailey)

   It affects your intelligence (+6).
 S - a +1 pair of gloves (melded)
Jewellery
 k - an uncursed ring of protection from fire
 m - a ring of see invisible (left branch)
 n - a +4 ring of slaying (right branch)
Wands
 d - a wand of heal wounds (4/9)
 s - a wand of disintegration (8/24)
 w - a wand of slowing (25/48)
 K - a wand of lightning (11/15)
 M - a wand of disintegration (8/24)
 X - a wand of acid (2/15)
Scrolls
 l - 4 scrolls of remove curse
 y - 4 scrolls of immolation
 B - a scroll of fear
 C - a scroll of amnesia
 D - a scroll of teleportation
 F - a scroll of blinking
 H - a scroll of magic mapping
Potions
 o - 10 potions of curing
 t - a potion of ambrosia
 x - a potion of lignification
 z - 2 potions of heal wounds
 E - 3 potions of magic
 G - a potion of agility
 I - a potion of cancellation
 O - a potion of flight
Comestibles
 f - 13 bread rations
 p - 7 meat rations
 q - a beef jerky
 v - a royal jelly
 V - 2 slices of pizza


   Skills:
 - Level 10.8 Fighting
 - Level 8.4 Dodging
 - Level 2.4 Stealth
 + Level 6.2 Spellcasting
 - Level 7.4 Conjurations
 - Level 0.8 Transmutations
 - Level 4.5 Fire Magic
 + Level 11.1 Earth Magic


You had 5 spell levels left.
You knew the following spells:

 Your Spells              Type           Power        Failure   Level  Hunger
a - Sandblast             Erth           #####.       1%          1    None
k - Lee's Rapid Deconstr  Erth           #####.....   3%          5    #####..
l - Stone Arrow           Conj/Erth      #####.       1%          3    ##.....
m - Repel Missiles        Chrm/Air       #.....       17%         2    None
n - Conjure Flame         Conj/Fire      ####....     2%          3    ##.....
p - Passwall              Tmut/Erth      ####......   1%          2    None
B - Blink                 Tloc           N/A          17%         2    None


Dungeon Overview and Level Annotations

Branches:
Dungeon (10/15)            Temple (1/1) D:5            Lair (4/6) D:8
  Swamp: Lair:2-4    Shoals: Lair:2-4     Snake: Lair:2-4    Spider: Lair:2-4
    Orc: D:9-12

Altars:
Ashenzari
Cheibriados
Dithmenos
Elyvilon
Fedhas
Gozag
Hepliaklqana
Kikubaaqudgha
Makhleb
Nemelex Xobeh
Okawaru
Qazlal
Ru
Sif Muna
Trog
Uskayaw
Vehumet
Xom
Yredelemnul
Zin
The Shining One

Shops:
D:4 %

Annotations:
Lair:1 Joseph
Lair:3 Rupert


Innate Abilities, Weirdness & Mutations

You are resistant to damage.
You can recharge devices by infusing magical energy.
You passively map the area around you.
You do not regenerate.
Scrolls take you a little longer to read.
You possess an exceptional clarity of mind.
((Your system is resistant to poisons. (rPois)))


Message History

The blink frog hits you. The yak barely misses you.
The blink frog blinks!
The yak gores you but does no damage. The torpor snail bites you!
Being near the torpor snail leaves you feeling lethargic.
You feel yourself speed up.
The blink frog hits you but does no damage.
The yak completely misses you.
The yak gores you but does no damage. x2
The blink frog hits you but does no damage.
The torpor snail bites you!
Being near the torpor snail leaves you feeling lethargic.
The yak gores you!
You feel yourself speed up.
The blink frog hits you but does no damage.
The yak gores you.
The yak gores you but does no damage. x2
The blink frog hits you.
The blink frog blinks!
The yak gores you! The yak gores you but does no damage.
The torpor snail barely misses you.
Being near the torpor snail leaves you feeling lethargic.
You feel yourself speed up. The yak gores you!
You die...

#........# #..<.. ,,*
*#....#...####..... , *
#####...P.....#....#... *
*##.#..#..P.#............
,
........##.......##...P.
...FP...##......#.......
,
........$...............
, *
#.P..Yw......#..##..#. ,
*#.07YF..#......##.#. ,*
#..#Y..#........... , ,
#.##..............## * ,
## #............#Y,
##....P.#....
##P.#####.#. * #### * , *


You could see a torpor snail, 3 yaks and 2 blink frogs.

Vanquished Creatures
  3 hydras (Lair:1)
  Erica (Lair:1)
  An unseen horror (D:10)
  An orc knight (Bailey)
  A hill giant (D:8)
  Maurice (D:8)
  A black mamba (Lair:2)
  A troll (D:9)
  4 blink frogs (Lair:2)
  3 hippogriffs
  9 yaks
  A wyvern (Lair:3)
  A basilisk (Lair:3)
  A hungry ghost (D:8)
  Menkaure (D:5)
  Duvessa (D:7)
  6 water moccasins
  5 porcupines
  2 hell hounds (D:8)
  A black bear (D:8)
  11 orc warriors
  3 sky beasts
  An ice beast (D:8)
  5 ogres
  A phantom (D:4)
  4 wolves (Lair:1)
  5 centaurs
  7 crocodiles
  2 big kobolds (D:10)
  7 bullfrogs
  2 wyvern zombies
  4 scorpions
  Dowan (D:7)
  5 killer bees
  13 wights
  An electric eel (D:6)
  3 howler monkeys
  2 centaur zombies
  4 crimson imps
  A bullfrog zombie (D:7)
  6 hounds
  A jelly (D:5)
  9 orc priests
  10 orc wizards
  A bullfrog skeleton (D:8)
  A centaur skeleton (D:9)
  Natasha (twice) (D:2)
  3 iguanas
  4 worker ants
  A howler monkey skeleton (D:6)
  A worker ant zombie (D:6)
  12 adders
  15 gnolls
  3 shadow imps
  2 adder zombies
  2 adder skeletons
  6 worms
  3 dart slugs
  6 leopard geckos
  56 orcs
  3 ball pythons
  8 bats
  7 giant cockroaches
  9 goblins
  8 hobgoblins
  5 jackals
  23 kobolds
  3 quokkas
  5 frilled lizards
  A giant cockroach zombie (D:6)
  A quokka skeleton (D:9)
  3 quokka zombies
  12 rats
359 creatures vanquished.

Vanquished Creatures (others)
  3 fungi
3 creatures vanquished.

Grand Total: 362 creatures vanquished

Notes
Turn   | Place    | Note
-------+----------+-------------------------------------------
     0 | D:1      | Duffy the Deep Dwarf Earth Elementalist began the quest for the Orb.
     0 | D:1      | Reached XP level 1. HP: 15/15 MP: 3/3
   271 | D:1      | Reached skill level 2 in Spellcasting
   365 | D:1      | Reached XP level 2. HP: 22/22 MP: 1/5
  1036 | D:1      | Reached skill level 5 in Earth Magic
  1496 | D:2      | Noticed Natasha
  1684 | D:2      | Reached XP level 3. HP: 26/28 MP: 1/6
  1758 | D:2      | Learned a level 2 spell: Passwall
  1762 | D:2      | Learned a level 3 spell: Stone Arrow
  1848 | D:2      | Reached skill level 6 in Earth Magic
  2140 | D:2      | Reached XP level 4. HP: 31/36 MP: 0/7
  2609 | D:2      | Found a faded altar of an unknown god.
  2660 | D:3      | Found a snail-covered altar of Cheibriados.
  2665 | D:3      | Found an ancient bone altar of Kikubaaqudgha.
  2674 | D:3      | Found a hazy altar of Hepliaklqana.
  2675 | D:3      | Found a deep blue altar of Sif Muna.
  2761 | D:3      | Reached skill level 7 in Earth Magic
  2891 | D:3      | Reached skill level 1 in Conjurations
  2891 | D:3      | Reached XP level 5. HP: 17/42 MP: 5/8
  3681 | D:3      | Reached skill level 2 in Conjurations
  3725 | D:4      | Found Byon's Food Emporium.
  3733 | D:4      | Reached XP level 6. HP: 46/49 MP: 9/9
  3836 | D:4      | Reached skill level 8 in Earth Magic
  3997 | D:4      | Reached skill level 3 in Conjurations
  4111 | D:5      | Entered Level 5 of the Dungeon
  4351 | D:5      | Found a staircase to the Ecumenical Temple.
  4388 | D:5      | Reached XP level 7. HP: 43/55 MP: 6/10
  4463 | Temple   | Entered the Ecumenical Temple
  4544 | Temple   | Became a worshipper of Makhleb the Destroyer
  4575 | D:5      | Reached skill level 4 in Conjurations
  4575 | D:5      | Reached skill level 9 in Earth Magic
  4817 | D:5      | Noticed Menkaure
  4832 | D:5      | Killed Menkaure
  4832 | D:5      | Reached skill level 5 in Conjurations
  4839 | D:5      | Reached skill level 10 in Earth Magic
  4839 | D:5      | Reached XP level 8. HP: 34/62 MP: 2/11
  5480 | D:2      | Killed Natasha
  5569 | D:2      | Noticed Natasha
  5579 | D:2      | Killed Natasha
  5647 | D:6      | Reached * piety under Makhleb
  5682 | D:6      | Reached skill level 3 in Spellcasting
  5931 | D:6      | Got a jewelled mace
  5932 | D:6      | Identified the +1 mace "Razoosats" {speed, rElec Int+4} (You found it on level 6 of the Dungeon)
  5968 | D:6      | Reached skill level 6 in Conjurations
  6104 | D:6      | Reached skill level 4 in Spellcasting
  6593 | D:6      | Gained mutation: You passively map the area around you. [Deep Dwarf growth]
  6593 | D:6      | Reached XP level 9. HP: 28/68 MP: 9/16
  6595 | D:6      | Reached skill level 7 in Conjurations
  6648 | D:6      | Reached ** piety under Makhleb
  6758 | D:6      | Reached skill level 5 in Spellcasting
  7354 | D:6      | Found a blossoming altar of Fedhas.
  7616 | D:7      | Gained mutation: You possess an exceptional clarity of mind. [potion of beneficial mutation]
  7617 | D:7      | Gained mutation: Your spells are a little harder to cast, but a little more powerful. [potion of beneficial mutation]
  7660 | D:7      | Noticed Duvessa
  7660 | D:7      | Noticed Dowan
  7669 | D:7      | Killed Dowan
  7894 | D:7      | Killed Duvessa
  7894 | D:7      | Reached skill level 1 in Fighting
  8045 | D:7      | Reached skill level 3 in Dodging
  8110 | D:7      | Reached skill level 2 in Fighting
  8348 | D:7      | Reached skill level 4 in Dodging
  8358 | D:7      | Reached skill level 3 in Fighting
  8379 | D:7      | Reached skill level 5 in Dodging
  9095 | D:7      | Reached skill level 4 in Fighting
  9555 | D:8      | Found a staircase to the Lair.
  9579 | D:8      | Got a scorched flail
  9580 | D:8      | Identified the +5 flail of Plunder {speed, Dex+3} (You found it on level 8 of the Dungeon)
  9777 | D:8      | Reached skill level 6 in Dodging
  9778 | D:8      | Reached *** piety under Makhleb
  9839 | D:8      | Noticed Maurice
  9846 | D:8      | Killed Maurice
  9846 | D:8      | Reached XP level 10. HP: 63/87 MP: 3/17
  9902 | D:8      | Found a flagged portal.
  9907 | D:8      | Reached skill level 5 in Fighting
  9917 | Bailey   | Entered a bailey
  9971 | Bailey   | Learned a level 5 spell: Lee's Rapid Deconstruction
 10436 | Bailey   | Noticed an orc knight
 10502 | Bailey   | Noticed an orc knight
 10502 | Bailey   | Noticed an orc knight
 10734 | Bailey   | Reached skill level 7 in Dodging
 11199 | Bailey   | Got an ichor-stained helmet
 11210 | Bailey   | Identified the +0 helmet of the Hall of Blades {Int+6} (You found it in a bailey)
 11304 | Bailey   | Noticed an orc knight
 11518 | Bailey   | Killed an orc knight
 11759 | D:8      | Reached skill level 6 in Fighting
 12029 | D:8      | Noticed a hill giant
 12155 | D:8      | Killed a hill giant
 12155 | D:8      | Reached skill level 8 in Dodging
 12981 | D:9      | Learned a level 2 spell: Blink
 12984 | D:9      | Learned a level 2 spell: Repel Missiles
 12989 | D:9      | Learned a level 3 spell: Conjure Flame
 13122 | D:9      | Reached skill level 1 in Fire Magic
 13560 | D:9      | Reached skill level 2 in Fire Magic
 13674 | D:9      | Reached **** piety under Makhleb
 13806 | D:9      | Reached skill level 3 in Fire Magic
 14158 | D:9      | Reached skill level 4 in Fire Magic
 14766 | D:10     | Entered Level 10 of the Dungeon
 14942 | D:10     | Reached XP level 11. HP: 99/99 MP: 13/17
 15050 | D:10     | Noticed an unseen horror
 15056 | D:10     | Killed an unseen horror
 15056 | D:10     | Reached skill level 7 in Fighting
 15918 | Lair:1   | Entered Level 1 of the Lair of Beasts
 15962 | Lair:1   | Reached skill level 8 in Fighting
 16072 | Lair:1   | Noticed an eight-headed hydra
 16081 | Lair:1   | Killed an eight-headed hydra
 16393 | Lair:1   | Reached skill level 9 in Fighting
 16410 | Lair:1   | Reached ***** piety under Makhleb
 16571 | Lair:1   | Noticed a five-headed hydra
 16602 | Lair:1   | Killed a five-headed hydra
 16659 | Lair:1   | Noticed Erica
 16672 | Lair:1   | Killed Erica
 16672 | Lair:1   | Reached skill level 10 in Fighting
 16910 | Lair:1   | Noticed a five-headed hydra
 17039 | Lair:1   | Killed a five-headed hydra
 17278 | Lair:1   | Noticed Joseph
 18165 | Lair:2   | Reached XP level 12. HP: 118/118 MP: 13/19
 18443 | Lair:3   | Reached skill level 6 in Spellcasting
 18581 | Lair:3   | Reached skill level 11 in Earth Magic
 18668 | Lair:3   | Found an iron altar of Okawaru.
 18965 | Lair:3   | Noticed Rupert
 19026 | Lair:4   | Lost mutation: Your spells are a little harder to cast, but a little more powerful. [potion of mutation]
 19026 | Lair:4   | Gained mutation: Scrolls take you a little longer to read. [potion of mutation]
 19026 | Lair:4   | Gained mutation: Your system is resistant to poisons. (rPois) [potion of mutation]
 19041 | Lair:4   | HP: 6/177 [yak[a torpor snail] (6)]
 19042 | Lair:4   | Slain by a yak

Vault maps used:
D:1:      kennysheep_arrival_seaside, minmay_box_of_dots
D:2:      kennysheep_the_goblin_king, chequers_ecumenical_altar_island,
          fountainhead, uniq_natasha
D:3:      minitemple
D:4:      serial_shops, shop
D:5:      first_bread, uniq_menkaure
D:6:      kb_forest_paths, kennysheep_mini, lightli_minifort
D:7:      grunt_ogre_cave, uniq_duvessa
D:8:      minmay_lair_entry_lava, enter_bailey_2, uniq_maurice
D:10:     minmay_flawed_box
Temple:   nicolae_temple_x_marks_the_god
Lair:1:   uniq_joseph, uniq_erica
Lair:2:   regret_index_bee_streams, beast_lair_carwin_4,
          infiniplex_staircase_pool_2
Lair:3:   basic_altar, guppyfry_lair_drakes, grunt_megastairs_3, uniq_rupert
Lair:4:   minmay_shoals_entry_lonely_mermaid, guppyfry_snake_entry_island,
          basic_altar, minmay_lair_oklob_chamber, lemuel_fruit_fields
Bailey:   bailey_polearm_1, bailey

Skill      XL: |  1  2  3  4  5  6  7  8  9 10 11 12 |
---------------+-------------------------------------+-----
Spellcasting   | 2 4 5 6 |  6.2
Earth Magic    | 5 6 7 8 10 11 | 11.1
Conjurations   | 1 2 3 5 6 7 |  7.4
Fighting       | 4 6 10 | 10.8
Dodging        | 6 8 |  8.4
Fire Magic     | 4 |  4.5
Stealth        | |  2.4
Transmutations | |  0.8

Action                   |  1- 3 |  4- 6 |  7- 9 | 10-12 || total
-------------------------+-------+-------+-------+-------++-------
Melee: Short sword       |    14 |   101 |       |       ||   115
       Flail             |       |     2 |    88 |       ||    90
       Trident           |       |       |    35 |    33 ||    68
       Mace              |       |       |    15 |    57 ||    72
       Scimitar          |       |       |       |     3 ||     3
 Cast: Sandblast         |    74 |    55 |    82 |    90 ||   301
       Stone Arrow       |       |       |    79 |   183 ||   262
       Conjure Flame     |       |       |       |    21 ||    21
       Repel Missiles    |       |       |       |     2 ||     2
       Blink             |       |       |       |     2 ||     2
       Lee's Rapid Decon |       |       |       |     1 ||     1
 Abil: Device Recharging |       |       |       |     1 ||     1
Evoke: Wand              |       |     1 |     9 |     3 ||    13
  Use: Scroll            |       |       |    14 |    14 ||    28
       Potion            |       |       |     4 |    13 ||    17
 Stab: Sleeping          |     3 |    11 |     4 |       ||    18
       Distracted        |       |     1 |       |       ||     1
  Eat: Chunk             |     5 |     8 |    16 |    19 ||    48
       Beef jerky        |       |       |     1 |     6 ||     7
       Bread ration      |       |       |     1 |       ||     1
       Meat ration       |       |       |       |     1 ||     1
Armor: Ring mail         |    28 |    37 |    86 |    48 ||   199
       Skin              |       |       |       |   129 ||   129
Dodge: Dodged            |    45 |    65 |   128 |   182 ||   420
       Deflected         |       |       |       |     5 ||     5
       Rpst.: Scimitar   |       |       |       |     1 ||     1
